 Dungeon Crawl Stone Soup version 0.30-a0-696-g2367cd04db (webtiles) character file.

Game seed: 14305912717847826622

4190 Newt the Slicer (level 10, 0/71 HPs)
             Began as a Demonspawn Gladiator on Jan 20, 2023.
             Was a High Priest of Dithmenos.
             Slain by a hornet (5 damage)
             ... while paralysed by a hornet
             ... on level 8 of the Dungeon.
             The game lasted 00:10:10 (7464 turns).

Newt the Slicer (Demonspawn Gladiator)              Turns: 7464, Time: 00:10:11

Health: 0/71       AC:  8    Str: 15    XL:     10   Next: 8%
Magic:  10/10      EV:  2    Int:  9    God:    Dithmenos [*****.]
Gold:   121        SH:  0    Dex: 19    Spells: 9/9 levels left

rFire   + . .      SeeInvis .    a - +0 rapier
rCold   . . .      Faith    .    h - +3 buckler {reflect}
rNeg    . . .      Spirit   .    G - +0 acid dragon scales
rPois   .          Reflect  +    c - +0 helmet
rElec   .          Harm     .    r - +0 cloak
rCorr   +          Rampage  .    (no gloves)
Will    .....                    (no boots)
Stlth   ++++++                   p - amulet of reflection
HPRegen 0.31/turn                o - +4 ring of slaying
MPRegen 0.24/turn                E - ring of protection from fire

@: paralysed, lethally poisoned (0 -> -11), slowed, wreathed by umbra
A: hooves 2, ignite blood 1, magic regeneration, sturdy frame 1
a: Renounce Religion, Shadow Step, Shadow Form


You were on level 8 of the Dungeon.
You worshipped Dithmenos.
Dithmenos was extremely pleased with you.
You visited 1 branch of the dungeon, and saw 8 of its levels.
You also visited: Sewer.

You collected 321 gold pieces.
You spent 200 gold pieces at shops.

Inventory:

Hand Weapons
 a - a +0 rapier (weapon)
 b - a +7 scythe
 w - a +1 dagger of chaos
Missiles
 y - 4 poisoned darts (quivered)
 H - a javelin
Armour
 c - a +0 helmet (worn)
 h - a +3 buckler of reflection (worn)
 r - a +0 cloak (worn)
 B - a +0 leather armour
 G - +0 acid dragon scales (worn)
 I - a +2 robe of willpower
Jewellery
 e - a ring of fire
 g - a +4 ring of protection
 l - an amulet of regeneration
 m - a ring of magical power
 o - a +4 ring of slaying (left hand)
 p - an amulet of reflection (around neck)
 C - an amulet of the acrobat
 E - a ring of protection from fire (right hand)
Wands
 f - a wand of roots (12)
Scrolls
 n - 2 scrolls of teleportation
 t - a scroll of brand weapon
 F - a scroll of vulnerability
Potions
 i - a potion of curing
 j - 3 potions of attraction
 k - a potion of haste
 q - 2 potions of ambrosia
 s - a potion of berserk rage
 u - a potion of resistance
 v - a potion of magic
 x - a potion of lignification
 z - a potion of flight {unknown}
 A - 2 potions of might
 D - a potion of degeneration {unknown}


   Skills:
 - Level 4.0 Fighting
 - Level 9.0 Short Blades
 - Level 4.9 Polearms
 - Level 1.7 Throwing
 + Level 2.7 Dodging
 - Level 8.0 Stealth
 - Level 4.0 Shields


You had 9 spell levels left.
You didn't know any spells.
Your spell library contained the following spells:

 Spells                   Type           Power      Damage    Failure   Level
 Static Discharge         Conj/Air       0%         2-2/arc   65%         2
 Dazzling Flash           Conj/Hex       0%         N/A       87%         3
 Ignite Poison            Fire/Tmut/Pois 0%         N/A       87%         3
 Inner Flame              Hex/Fire       0%         N/A       87%         3
 Kindle Blastsparks       Fire/Tloc/Air  0%         2d10      87%         3
 Vhi's Electric Charge    Tloc/Air       0%         N/A       87%         3
 Flame Wave               Conj/Fire      0%         2d4       99%         4
 Sticky Flame             Conj/Fire      0%         2d3       99%         4
 Agony                    Necr           0%         N/A       100%        5
 Arcjolt                  Conj/Air       0%         1d10      100%        5
 Freezing Cloud           Conj/Ice/Air   0%         6-21      100%        5
 Lightning Bolt           Conj/Air       0%         1d11      100%        5
 Silence                  Hex/Air        0%         N/A       100%        5


Dungeon Overview and Level Annotations

Branches:
Dungeon (8/15)             Temple (0/1) D:4           Sewer (visited)
   Lair: D:8-11

Altars:
Dithmenos
Gozag
Makhleb
Nemelex Xobeh
Uskayaw
Vehumet
Wu Jian
Xom

Shops:
D:5 *


Innate Abilities, Weirdness & Mutations

You have hoof-like feet.
Your demonic aura sometimes causes spilled blood to erupt in flames.
You regenerate magic rapidly.
Your movements are slightly less encumbered by armour. (ER -2)


Message History

You feel better.
You feel yourself speed up. The hornet stings you.
* * * LOW HITPOINT WARNING * * *
You are poisoned.
You feel yourself slow down. You block the hornet's attack.
You feel better.
You feel yourself speed up. You block the hornet's attack.
The hornet stings you but does no damage.
The hornet barely misses you.
Throw: throwing net
Press: ? - help, Q - select action, (/) - cycle Shift-Dir - straight line, f/p - hornet
Aim: a hornet (heavily wounded, umbra, 55% to hit)
You throw a throwing net. The throwing net hits the hornet.
The hornet is caught in the net!
The hornet is heavily wounded.
Your shadow throws a throwing net.
The throwing net hits the hornet.
The throwing net disappears in a puff of smoke!
The hornet struggles against the net.
You hit the hornet but do no damage. You kick the hornet, but do no damage.
The hornet is heavily wounded.
The hornet struggles against the net.
You hit the hornet. Your kick misses the hornet.
The hornet is severely wounded.
The hornet struggles against the net.
You puncture the hornet! You kick the hornet, but do no damage.
The hornet is almost dead.
The hornet struggles against the net.
The net rips apart, and the hornet comes free!
The hornet stings you.
* * * LOW HITPOINT WARNING * * *
You suddenly lose the ability to move!
The hornet completely misses you. The hornet stings you!
* * * LOW HITPOINT WARNING * * *
You are lethally poisoned!
You feel yourself slow down. The hornet stings you.
You die...

*,*,#..#**,* *,,** *,*
#,#,#..# *,*
*,,******,* #.#.#..#
*,* *,,,,,,,,,*
#......# *,*
**+#*******
**#.##<###.# **...**
#........#**....,**
####.#####*.....,,** *
##..!####......,,,****
#(..y@.†'......,,,+,,,
##...####......,,,****
##.## **.....,,** *
****#.# **....,**
**,,,#.# **...**
**,***..# **+#* *,**
*#.* *,* *,* *,* *,*
*** *,** **,**
**,***,****


You could see a hornet.

Vanquished Creatures
  Pikel (D:6)
  The ghost of Newt the Insei, a novice DsGl of Uskayaw (D:7)
  A gargoyle (D:7)
  Psyche (D:8)
  Sigmund (D:6)
  A steam dragon (D:7)
  A water moccasin (D:5)
  An acid dragon (D:7)
  4 ice beasts (D:7)
  3 ogres
  A centaur (D:7)
  3 phantoms
  A bullfrog (D:6)
  2 necrophages
  3 scorpions
  A wyvern simulacrum (D:7)
  A centaur zombie (D:4)
  3 orc priests (D:6)
  3 hounds
  3 jellies
  2 scorpion zombies (D:4)
  Crazy Yiuf (D:4)
  A centaur skeleton (D:4)
  2 orc wizards
  3 iguanas
  A hell rat (Sewer)
  2 hound zombies (D:4)
  A hound skeleton (D:4)
  A killer bee simulacrum (D:7)
  2 howler monkey zombies (D:4)
  4 gnolls (D:4)
  6 adders
  5 river rats (Sewer)
  2 white imps (D:7)
  2 ufetubi
  5 adder zombies (D:4)
  2 adder skeletons (D:4)
  5 worms
  2 dart slugs
  18 orcs
  9 ball pythons
  10 endoplasms
  3 giant cockroaches
  6 goblins
  6 hobgoblins
  10 jackals
  7 quokkas
  10 bats
  2 frilled lizards
  8 kobolds
  A quokka zombie (D:4)
  14 rats
189 creatures vanquished.

Vanquished Creatures (others)
  6 withered plants (D:4)
6 creatures vanquished.

Grand Total: 195 creatures vanquished

Notes
Turn   | Place    | Note
-------+----------+-------------------------------------------
     0 | D:1      | Newt the Demonspawn Gladiator began the quest for the Orb.
     0 | D:1      | Reached XP level 1. HP: 16/16 MP: 1/1
     2 | D:1      | Noticed a demonspawn
     2 | D:1      | Noticed a formicid
     4 | D:1      | Noticed a troll
     4 | D:1      | Noticed a merfolk
     6 | D:1      | Noticed a minotaur
     8 | D:1      | Noticed a felid
     8 | D:1      | Noticed an armataur
    10 | D:1      | Noticed a vampire
    10 | D:1      | Noticed a spriggan
    12 | D:1      | Noticed a human
    12 | D:1      | Noticed a ghoul
    14 | D:1      | Noticed a draconian
    14 | D:1      | Noticed a vine stalker
    16 | D:1      | Noticed a demigod
    18 | D:1      | Noticed a meteoran
    18 | D:1      | Noticed an ogre
    20 | D:1      | Noticed a tengu
    22 | D:1      | Noticed a naga
    22 | D:1      | Noticed an octopode
    24 | D:1      | Noticed a felid
    24 | D:1      | Noticed an elf
    26 | D:1      | Noticed a vine stalker
    26 | D:1      | Noticed a naga
    66 | D:1      | Found a faded altar of an unknown god.
    82 | D:1      | Reached skill level 1 in Stealth
    92 | D:1      | Prayed at the altar of an unknown god.
    92 | D:1      | Became a worshipper of Dithmenos the Shadowed
    92 | D:1      | Reached * piety under Dithmenos
   193 | D:1      | Gained mutation: You have large cloven feet. [demonic
                  | ancestry]
   193 | D:1      | Reached XP level 2. HP: 22/22 MP: 2/2
   456 | D:1      | Reached XP level 3. HP: 11/28 MP: 3/3
   988 | D:1      | Reached ** piety under Dithmenos
  1255 | D:2      | Gained mutation: You have hoof-like feet. [demonic
                  | ancestry]
  1255 | D:2      | Reached XP level 4. HP: 37/37 MP: 4/4
  1805 | D:3      | Found an opulent altar of Gozag.
  1974 | D:3      | Reached skill level 3 in Short Blades
  2256 | D:3      | Reached *** piety under Dithmenos
  2525 | D:4      | Found a staircase to the Ecumenical Temple.
  2551 | D:4      | Reached XP level 5. HP: 42/42 MP: 5/5
  2640 | D:4      | Reached skill level 4 in Short Blades
  2703 | D:4      | Noticed a phantom
  2717 | D:4      | Killed a phantom
  2718 | D:4      | Gained mutation: Your demonic aura sometimes causes spilled
                  | blood to erupt in flames. [demonic ancestry]
  2718 | D:4      | Reached XP level 6. HP: 38/48 MP: 6/6
  2794 | D:4      | Reached skill level 5 in Short Blades
  2939 | D:4      | Found a burning altar of Makhleb.
  2952 | D:4      | Reached skill level 6 in Short Blades
  3065 | D:4      | Gained mutation: Your movements are slightly less
                  | encumbered by armour. (ER -2) [demonic ancestry]
  3065 | D:4      | Reached XP level 7. HP: 49/54 MP: 7/7
  3433 | D:4      | Found a runed translucent door.
  3434 | D:4      | Noticed Crazy Yiuf
  3441 | D:4      | Killed Crazy Yiuf
  3445 | D:4      | Identified the +0 hammer "Orb Guardian's Regret" {freeze,
                  | rF- rC- Int+7}
  3506 | D:5      | Entered Level 5 of the Dungeon
  3554 | D:5      | Found Qeqemohi's Assorted Antiques.
  3557 | D:5      | Bought a copper ring for 125 gold pieces
  3557 | D:5      | Bought a scroll of identify for 50 gold pieces
  3557 | D:5      | Bought a scroll labelled ADYLU QECKIGHE for 25 gold pieces
  3582 | D:5      | Found a glowing drain.
  3598 | Sewer    | Entered a sewer
  3603 | Sewer    | Reached **** piety under Dithmenos
  4006 | D:5      | Reached skill level 5 in Stealth
  4029 | D:5      | Reached skill level 1 in Shields
  4126 | D:5      | Gained mutation: You regenerate magic rapidly. [demonic
                  | ancestry]
  4126 | D:5      | Reached XP level 8. HP: 60/60 MP: 8/8
  4652 | D:6      | Noticed Sigmund
  4652 | D:6      | Found a radiant altar of Vehumet.
  4657 | D:6      | Found a hide-covered altar of Uskayaw.
  4667 | D:6      | Killed Sigmund
  5593 | D:6      | Noticed Pikel
  5626 | D:6      | Killed Pikel
  5627 | D:6      | Reached XP level 9. HP: 48/65 MP: 9/9
  5702 | D:6      | Found a sparkling altar of Nemelex Xobeh.
  5846 | D:6      | Found a shimmering altar of Xom.
  5878 | D:7      | Noticed a gargoyle
  5898 | D:7      | Killed a gargoyle
  6246 | D:7      | Found a runed translucent gate.
  6246 | D:7      | Found a runed translucent gate.
  6246 | D:7      | Found a runed translucent gate.
  6272 | D:7      | Found an ornate altar of the Wu Jian Council.
  6309 | D:7      | Reached ***** piety under Dithmenos
  6532 | D:7      | Noticed Newt's ghost (novice DsGl)
  6952 | D:7      | Reached skill level 7 in Short Blades
  7180 | D:7      | Killed Newt's ghost
  7181 | D:7      | Reached skill level 8 in Short Blades
  7208 | D:7      | Reached XP level 10. HP: 38/71 MP: 10/10
  7390 | D:8      | Noticed Psyche
  7399 | D:8      | Killed Psyche
  7400 | D:8      | Reached skill level 9 in Short Blades
  7448 | D:8      | Paralysed by a hornet for 2 turns
  7453 | D:8      | Paralysed by a hornet for 1 turns
  7462 | D:8      | Paralysed by a hornet for 2 turns
  7464 | D:8      | Slain by a hornet

Illustrated notes

Levels and vault maps discovered:
D:1:      kb_arrival_jail, layout_basic, hellmonk_ecumenical_altar_dog_temple
D:2:      layout_loops_ring
D:3:      layout_loops_cross, grunt_gozag_statues, minmay_misc_feat_doors
D:4:      layout_loops_ring, makhleb_blood_cavern_becter,
          minmay_temple_entry_glass, serial_undead, serial_undead_e,
          serial_undead_f, serial_undead_e, serial_undead_c, serial_undead_d,
          serial_undead_e, serial_undead_a, minivault_4, uniq_crazy_yiuf_cottage
D:5:      layout_gridville, portal_sewer_entry_d, serial_shops, shop
D:6:      layout_cave_pools, nemelex_dance_club_becter, minitemple,
          minmay_misc_feat_rugged, uniq_pikel, uniq_sigmund
D:7:      layout_layer_cave, nicolae_wu_jian_wuxing_cycle, gammafunk_ghost_icy,
          corner_web_ring, minmay_misc_feat_hallway
D:8:      layout_loops_corners, lemuel_zombie_altar_kikubaaqudgha,
          enter_ossuary_1, uniq_psyche

Skill      XL: |  1  2  3  4  5  6  7  8  9 10 |
---------------+-------------------------------+-----
Stealth        | 1 2 5 8 |  8.0
Fighting       | 3 4 |  4.0
Short Blades   | 3 4 6 8 9 |  9.0
Shields        | 3 4 |  4.0
Polearms       | 2 4 |  4.9
Throwing       | |  1.7
Dodging        | |  2.7

Action                   |  1- 3 |  4- 6 |  7- 9 | 10-12 || total
-------------------------+-------+-------+-------+-------++-------
Melee: Rapier            |   134 |   216 |   261 |    18 ||   629
       Kick              |    24 |    66 |    72 |     8 ||   170
Throw: Throwing net      |       |       |     3 |     3 ||     6
       Javelin           |       |       |     1 |       ||     1
  Use: Scroll            |     3 |     5 |    10 |     2 ||    20
       Potion            |       |     3 |     2 |     3 ||     8
 Stab: Sleeping          |     5 |    11 |    20 |       ||    36
       Distracted        |       |     1 |     3 |       ||     4
       Held in net/web   |       |       |     3 |       ||     3
Armor: Leather armour    |    34 |    36 |    16 |       ||    86
       Acid dragon scale |       |       |     2 |     5 ||     7
Dodge: Dodged            |   103 |   104 |    77 |     5 ||   289
Block: Buckler           |    27 |    86 |   119 |    11 ||   243
       Reflection        |     1 |       |     5 |       ||     6

Table legend: (Time is in decaauts)
 A = Elapsed time spent in this place.
 B = Non-inter-level travel time spent in this place.
 C = Inter-level travel time spent in this place.
 D = Time resting spent in this place.
 E = Time spent auto-exploring this place.
 F = Levels seen in this place.
 G = Mean time per level.
                   A        B        C        D        E       F      G
               +--------+--------+--------+--------+--------+-----+--------+
         Total |   7471 |   7239 |    232 |    776 |   4897 |   9 |  830.1 |
       Dungeon |   7232 |   7000 |    232 |    776 |   4737 |   8 |  904.0 |
         Sewer |    239 |    239 |      0 |      0 |    160 |   1 |  239.0 |
               +--------+--------+--------+--------+--------+-----+--------+

Top non-repeatable levels by time:
     D:7: 1482 daAuts
     D:5: 1269 daAuts
     D:1: 1116 daAuts
     D:4: 988 daAuts
     D:6: 870 daAuts
     D:3: 751 daAuts
     D:2: 673 daAuts
   Sewer: 239 daAuts
     D:8: 79 daAuts
